 Dungeon Crawl Stone Soup version 0.28-a0-313-gbc0475efdd (webtiles) character file.

Game seed: 154630066573220254

87824 lunkers the Warrior (level 15, -8/147 HPs)
             Began as a Minotaur Cinder Acolyte on Aug 31, 2021.
             Was a High Priest of Ignis.
             Mangled by a naga warrior (17 damage)
             ... on level 1 of the Snake Pit.
             The game lasted 00:35:44 (32529 turns).

lunkers the Warrior (Minotaur Cinder Acolyte)      Turns: 32529, Time: 00:35:44

Health: -8/147     AC: 38    Str: 25    XL:     15   Next: 44%
Magic:  15/15      EV:  9    Int: 19    God:    Ignis [*****.]
Gold:   85         SH: 13    Dex:  7    Spells: 16/16 levels left

rFire   + . .      SeeInvis .   a - +8 demon blade "Sostig" {elec, Int+6}
rCold   . . .      Faith    .   C - +0 kite shield
rNeg    . . .      Spirit   .   m - +8 chain mail "Luiferess" {Int+3}
rPois   .          Reflect  +   y - +1 hat {Will+}
rElec   .          Harm     .   A - +1 cloak
rCorr   .          Rampage  .   t - +2 pair of gloves
Will    ++...                   u - +0 pair of boots
Stlth   ..........              G - amulet of reflection
HPRegen 0.34/turn               Q - +4 ring of protection
MPRegen 0.14/turn               I - +4 ring of protection

@: lethally poisoned (-8 -> -22)
A: horns 2, retaliatory headbutt
a: Renounce Religion, Sea of Fire, Foxfire Swarm, Rising Flame


You were on level 1 of the Snake Pit.
You worshipped Ignis.
Ignis was extremely pleased with you.
You visited 4 branches of the dungeon, and saw 23 of its levels.
You also visited: Gauntlet.

You collected 2490 gold pieces.
You spent 2405 gold pieces at shops.

Inventory:

Hand Weapons
 a - the +8 demon blade "Sostig" (weapon) {elec, Int+6}
   (You bought it in a shop on level 2 of the Orcish Mines)

   It occasionally discharges a powerful burst of electricity upon striking a
   foe.
   Int:       It affects your intelligence (+6).
 b - a +0 hand axe of flaming
Missiles
 r - a throwing net
 N - 6 curare-tipped darts
Armour
 m - the +8 chain mail "Luiferess" (worn) {Int+3}
   (You bought it in a shop on level 13 of the Dungeon)

   Int:       It affects your intelligence (+3).
 s - a +0 buckler
 t - a +2 pair of gloves (worn)
 u - a +0 pair of boots (worn)
 y - a +1 hat of willpower (worn)
 A - a +1 cloak (worn)
 C - a +0 kite shield (worn)
Jewellery
 e - a ring of protection from cold
 i - a ring of poison resistance
 j - a ring of willpower
 x - a ring of ice
 D - a +6 ring of dexterity
 G - an amulet of reflection (around neck)
 I - a +4 ring of protection (right hand)
 Q - a +4 ring of protection (left hand)
 T - a ring of see invisible
 V - an amulet of regeneration
Wands
 p - a wand of flame (73)
 q - a wand of mindburst (9)
 w - a wand of acid (20)
 F - a wand of polymorph (21)
 K - a wand of digging (16)
 P - a wand of iceblast (45)
 U - a wand of paralysis (19)
 Z - a wand of charming (5)
Scrolls
 d - 7 scrolls of vulnerability
 g - 4 scrolls of enchant armour
 k - 4 scrolls of magic mapping
 v - 7 scrolls of teleportation
 B - a scroll of identify
 H - a scroll of amnesia
 O - 4 scrolls of fog
 R - 2 scrolls of enchant weapon
Potions
 c - a potion of magic
 f - 5 potions of curing
 h - 2 potions of attraction
 l - a potion of mutation {unknown}
 n - 4 potions of resistance
 o - a potion of haste
 z - a potion of invisibility
 E - 2 potions of berserk rage
 L - a potion of cancellation {unknown}
 S - 2 potions of might
 W - 7 potions of heal wounds
 X - a potion of ambrosia {unknown}
 Y - 3 potions of flight


   Skills:
 + Level 17.1 Fighting
 - Level 14.0 Long Blades
 - Level 10.0(11.0) Axes
 - Level 7.6(10.0) Maces & Flails
 + Level 15.6 Armour
 - Level 10.0 Dodging
 * Level 4.5 Shields
 - Level 1.0 Spellcasting
 - Level 0.6 Fire Magic
 + Level 5.5 Evocations


You had 16 spell levels left.
You didn't know any spells.
Your spell library contained the following spells:

 Spells                   Type           Power      Damage    Failure   Level
 Foxfire                  Conj/Fire      8%         2x1d4     94%         1
 Beastly Appendage        Tmut           0%         N/A       95%         1
 Freeze                   Ice            0%         1d3       95%         1
 Magic Dart               Conj           0%         1d3       95%         1
 Ensorcelled Hibernation  Hex/Ice        0%         N/A       99%         2
 Searing Ray              Conj           0%         3d3       99%         2
 Sublimation of Blood     Necr           0%         N/A       99%         2
 Wereblood                Tmut           0%         N/A       99%         2
 Frozen Ramparts          Ice            0%         1d2       100%        3
 Gell's Gravitas          Tloc           0%         N/A       100%        3
 Lesser Beckoning         Tloc           0%         N/A       100%        3
 Ozocubu's Armour         Ice            0%         N/A       100%        3
 Spider Form              Tmut/Pois      0%         N/A       100%        3
 Teleport Other           Tloc           0%         N/A       100%        3
 Fulminant Prism          Conj/Hex       0%         3d6       100%        4
 Hailstorm                Conj/Ice       0%         3d3       100%        4
 Iskenderun's Mystic Bla  Conj/Tloc      0%         2d3       100%        4
 Petrify                  Tmut/Erth      0%         N/A       100%        4
 Fireball                 Conj/Fire      1%         3d3       100%        5
 Irradiate                Conj/Tmut      0%         3d14      100%        5
 Lee's Rapid Deconstruct  Erth           0%         3d5*      100%        5
 Metabolic Englaciation   Hex/Ice        0%         N/A       100%        5
 Dispersal                Tloc           0%         N/A       100%        6
 Simulacrum               Ice/Necr       0%         N/A       100%        6
 Starburst                Conj/Fire      1%         6d3       100%        6
 Disjunction              Tloc           0%         N/A       100%        8
 Ignition                 Fire           1%         3d3       100%        8


Dungeon Overview and Level Annotations

Branches:
Dungeon (14/15)            Temple (0/1) D:7            Lair (6/6) D:11
 Shoals (0/4) Lair:4        Snake (1/4) Lair:4        Slime (0/5) Lair:5
    Orc (2/2) D:10            Elf (0/3) Orc:2        Vaults (0/5) D:14
Gauntlet (visited)

Altars:
Ashenzari
Dithmenos
Gozag
Kikubaaqudgha
Makhleb
Nemelex Xobeh
Okawaru
Sif Muna
Uskayaw
Vehumet
Xom
Yredelemnul
Zin
The Shining One
Beogh
Jiyva
Lugonu

Shops:
D:8 (   D:12 [   D:13 **[(   Orc:2 ([:*

Portals:
Abyss: Lair:6


Innate Abilities, Weirdness & Mutations

You have a pair of horns on your head.
You reflexively headbutt those who attack you in melee.


Message History

The air sparks with electricity, shocking you!
* * * LOW HITPOINT WARNING * * *
You feel sick. You block the naga warrior's attack.
The black mamba bites you but does no damage.
You slash the black mamba!
The black mamba is moderately wounded.
You feel sick. You block the black mamba's attack.
The naga warrior closely misses you.
You slice the black mamba!!
Lightning courses through the black mamba!!
You kill the black mamba!
You feel sick.
You hit the black mamba.
The black mamba is lightly wounded.
You feel sick.
You are no longer poisoned.
The black mamba bites you.
* * * LOW HITPOINT WARNING * * *
The naga warrior hits you from afar with a +0 trident!!
* * * LOW HITPOINT WARNING * * *
You feel better. You block the black mamba's attack.
The naga warrior hits you but does no damage.
The black mamba closely misses you. You furiously retaliate!
You headbutt the black mamba.
Unknown command.
You barely miss the black mamba.
The black mamba is moderately wounded.
The black mamba bites you!
* * * LOW HITPOINT WARNING * * *
You are lethally poisoned!
The black mamba poisons you! You block the naga warrior's attack.
The black mamba closely misses you. You furiously retaliate!
You headbutt the black mamba, but do no damage.
You slice the black mamba!!
The black mamba is almost dead.
* * * LOW HITPOINT WARNING * * *
You feel very sick.
The black mamba bites you but does no damage.
The naga warrior hits you from afar with a +0 trident!
You die...

##...........#
..............
..............
.............#
.............#
...........N#
......$.....#
............####
............S@.#
..............N##.....#.
.....^.........# #..#.##
..............## #..# #
.......#.......#####...
.......######.....# ###.
.......######.###.##
...............(...#
..........)......#.#


You could see a naga warrior and a black mamba.

Vanquished Creatures
  Rupert (D:13)
  Kirke (Lair:4)
  An orc warlord (Orc:2)
  A minotaur (Gauntlet)
  Snorg (Lair:5)
  4 hydras
  Fannar (D:10)
  4 vault guards (D:14)
  4 boulder beetles
  Erica (D:8)
  The ghost of Phlounder the Martial Artist, a journeyman DsTm of Kikubaaqudgha (D:13)
  An anaconda (Snake:1)
  2 centaur warriors (D:13)
  3 two-headed ogres
  A shock serpent (Snake:1)
  3 thrashing horrors (Lair:6)
  6 death yaks
  An orc high priest (Orc:2)
  2 spriggans (D:13)
  Sonja (Lair:3)
  8 orc knights
  3 ugly things
  2 orc sorcerers (Orc:2)
  3 manticores
  A worldbinder (Gauntlet)
  3 cyclopes
  8 elephants (Lair:6)
  Joseph (D:6)
  Maurice (Orc:2)
  A torpor snail (Lair:5)
  8 black mambas
  A smoke demon (Lair:6)
  An unseen horror (D:13)
  2 rime drakes
  A gargoyle (D:13)
  Maggie (D:6)
  7 cane toads
  9 komodo dragons
  3 trolls
  2 ancient zymes (Lair:6)
  A hornet (D:13)
  4 polar bears
  A queen bee (shapeshifter) (Lair:6)
  A meliai (shapeshifter) (Lair:6)
  19 blink frogs
  A wind drake (Lair:4)
  2 dream sheep (Lair:5)
  3 slime creatures (Gauntlet)
  6 large abominations
  2 shadows
  2 vampires (D:12)
  3 wraiths
  A ynoxinul (Lair:6)
  5 hogs
  7 humans (D:14)
  A tarantella (shapeshifter) (Lair:6)
  2 water elementals (D:12)
  3 wyverns
  60 yaks
  8 basilisks
  A chaos spawn (Lair:6)
  21 vampire mosquitoes
  3 nagas
  17 small abominations
  12 wargs
  Menkaure (D:4)
  2 steam dragons
  An acid dragon (D:12)
  14 water moccasins
  2 sky beasts
  An ice beast (D:7)
  39 orc warriors
  7 ogres
  3 black bears
  7 wolves (Lair:6)
  7 centaurs
  2 boggarts
  2 phantoms (D:10)
  2 kobold brigands
  Blork the orc (D:6)
  3 scorpions
  10 bullfrogs
  A water moccasin zombie (D:5)
  A hornet simulacrum (D:14)
  A water moccasin skeleton (D:6)
  4 killer bees
  6 electric eels
  A bullfrog zombie (D:5)
  5 howler monkeys
  4 centaur zombies
  5 jellies
  A gnoll shaman (D:9)
  8 orc priests
  2 centaur skeletons (D:5)
  A hound (D:5)
  Crazy Yiuf (D:4)
  Jessica (D:2)
  Natasha (twice) (D:2)
  An iguana (D:5)
  12 orc wizards
  A scorpion zombie (D:5)
  6 ogre zombies (D:10)
  Robin (D:2)
  6 adders
  9 gnolls
  2 shadow imps
  15 white imps
  An ufetubus (D:4)
  An adder skeleton (D:4)
  2 dart slugs
  75 orcs
  8 ball pythons
  10 endoplasms
  6 giant cockroaches
  17 goblins
  10 hobgoblins
  4 jackals
  6 quokkas
  6 bats
  2 frilled lizards
  A goblin skeleton (D:10)
  A hobgoblin skeleton (D:10)
  3 hobgoblin zombies (D:10)
  16 kobolds
  5 orc skeletons (D:10)
  9 orc zombies (D:10)
  5 rats
681 creatures vanquished.

Vanquished Creatures (others)
  A vault guard (D:14)
  A foxfire (D:1)
  17 fungi
  20 plants
  6 toadstools (D:13)
45 creatures vanquished.

Grand Total: 726 creatures vanquished

Notes
Turn   | Place    | Note
-------+----------+-------------------------------------------
     0 | D:1      | lunkers the Minotaur Cinder Acolyte began the quest for the
                  | Orb.
     0 | D:1      | Reached XP level 1. HP: 19/19 MP: 1/1
   164 | D:1      | Reached skill level 4 in Fighting
   179 | D:1      | Reached XP level 2. HP: 21/27 MP: 0/2
   285 | D:1      | Found a faded altar of an unknown god.
   593 | D:1      | Reached XP level 3. HP: 20/34 MP: 3/3
  1485 | D:2      | Reached skill level 5 in Fighting
  1485 | D:2      | Reached skill level 5 in Axes
  1485 | D:2      | Reached XP level 4. HP: 40/42 MP: 4/4
  1652 | D:2      | Noticed Natasha
  1658 | D:2      | Killed Natasha
  1754 | D:2      | Found an ancient bone altar of Kikubaaqudgha.
  1880 | D:2      | Noticed Robin
  1881 | D:2      | Noticed Jessica
  1901 | D:2      | Reached XP level 5. HP: 30/48 MP: 5/5
  1903 | D:2      | Killed Robin
  1909 | D:2      | Killed Jessica
  2126 | D:2      | Noticed Natasha
  2151 | D:2      | Killed Natasha
  2266 | D:2      | Reached skill level 6 in Fighting
  2625 | D:3      | Reached XP level 6. HP: 16/58 MP: 6/6
  3011 | D:3      | Found a burning altar of Makhleb.
  3014 | D:3      | Found a hide-covered altar of Uskayaw.
  3014 | D:3      | Found a basalt altar of Yredelemnul.
  3016 | D:3      | Found a shimmering blue altar of Sif Muna.
  3016 | D:3      | Found a glowing golden altar of the Shining One.
  3303 | D:3      | Found an opulent altar of Gozag.
  3722 | D:4      | Found a runed translucent door.
  3723 | D:4      | Noticed Crazy Yiuf
  3738 | D:4      | Noticed Menkaure
  3747 | D:4      | HP: 2/58 [Menkaure (17)]
  3749 | D:4      | Killed Menkaure
  3750 | D:4      | Reached skill level 7 in Fighting
  4067 | D:4      | Found an iron altar of Okawaru.
  4260 | D:4      | Reached XP level 7. HP: 53/67 MP: 7/7
  4526 | D:4      | Killed Crazy Yiuf
  4527 | D:4      | Reached skill level 8 in Fighting
  4552 | D:5      | Entered Level 5 of the Dungeon
  4613 | D:5      | Reached skill level 1 in Armour
  5297 | D:5      | Reached XP level 8. HP: 68/75 MP: 8/8
  5748 | D:6      | Noticed Blork the orc
  5760 | D:6      | Killed Blork the orc
  5847 | D:6      | Reached skill level 9 in Fighting
  6344 | D:6      | Noticed Maggie
  6369 | D:6      | Killed Maggie
  6370 | D:6      | Reached skill level 1 in Evocations
  6714 | D:6      | Reached skill level 5 in Armour
  6714 | D:6      | Reached XP level 9. HP: 84/84 MP: 9/9
  6729 | D:6      | Reached skill level 10 in Axes
  7593 | D:7      | Noticed a cyclops
  7609 | D:7      | Noticed Joseph
  7816 | D:6      | Killed Joseph
  7817 | D:6      | Reached skill level 10 in Fighting
  8098 | D:7      | Killed a cyclops
  8266 | D:7      | Found a staircase to the Ecumenical Temple.
  8622 | D:7      | Found a sparkling altar of Nemelex Xobeh.
  8671 | D:7      | Reached skill level 1 in Maces & Flails
  9118 | D:8      | Noticed Erica
  9147 | D:8      | Killed Erica
  9148 | D:8      | Reached skill level 11 in Fighting
  9148 | D:8      | Reached XP level 10. HP: 9/95 MP: 10/10
 10065 | D:8      | Found a glowing silver altar of Zin.
 10068 | D:8      | Found Vuyr's Weapon Emporium.
 10637 | D:9      | Found a shadowy altar of Dithmenos.
 10798 | D:9      | Found an ancient bone altar of Kikubaaqudgha.
 11244 | D:10     | Entered Level 10 of the Dungeon
 11258 | D:10     | Noticed a two-headed ogre
 11260 | D:10     | Noticed a white ugly thing
 11265 | D:10     | Killed a two-headed ogre
 11272 | D:10     | Killed a white ugly thing
 11273 | D:10     | Reached skill level 12 in Fighting
 11488 | D:10     | Found a staircase to the Orcish Mines.
 11617 | D:10     | Reached skill level 5 in Maces & Flails
 11647 | D:10     | Identified the amulet of Abstinence {RegenMP rN+ Str+4
                  | Dex+2}
 11709 | D:10     | Noticed Fannar
 11810 | D:10     | Killed Fannar
 11811 | D:10     | Reached skill level 10 in Armour
 11811 | D:10     | Reached XP level 11. HP: 19/105 MP: 11/11
 12163 | D:10     | Found a radiant altar of Vehumet.
 12527 | D:10     | Found a broken altar of Ashenzari.
 12532 | D:10     | Saw a vision of the Shoals and the Snake Pit.
 12532 | D:10     | Noticed an anaconda
 12532 | D:10     | Noticed a shock serpent
 12532 | D:10     | Noticed an anaconda
 12532 | D:10     | Noticed a naga sharpshooter
 12532 | D:10     | Noticed a sea snake
 12674 | D:10     | Identified a scroll of acquirement
 12674 | D:10     | Acquired a +1 hat of willpower
 12750 | Orc:1    | Entered Level 1 of the Orcish Mines
 12750 | Orc:1    | Noticed an orc knight
 12775 | D:10     | Killed an orc knight
 13409 | Orc:2    | Entered Level 2 of the Orcish Mines
 13439 | Orc:2    | Noticed an orc sorcerer
 13460 | Orc:2    | Killed an orc sorcerer
 13461 | Orc:2    | Reached skill level 13 in Fighting
 13620 | Orc:2    | Noticed an orc high priest
 13628 | Orc:2    | Killed an orc high priest
 13845 | Orc:2    | Noticed Maurice
 13857 | Orc:2    | Killed Maurice
 13905 | Orc:2    | Found a shimmering altar of Xom.
 13908 | Orc:2    | Noticed an orc sorcerer
 13914 | Orc:2    | Killed an orc sorcerer
 14079 | Orc:2    | Found a staircase to the Elven Halls.
 14096 | Orc:2    | Noticed an orc warlord
 14851 | Orc:2    | Noticed an orc knight
 15059 | Orc:1    | Killed an orc knight
 15060 | Orc:1    | Reached skill level 1 in Dodging
 15504 | Orc:2    | Noticed an orc knight
 15534 | Orc:2    | Killed an orc knight
 15535 | Orc:2    | Reached skill level 14 in Fighting
 15693 | Orc:2    | Noticed an orc knight
 15988 | Orc:2    | Killed an orc knight
 16054 | Orc:2    | Found Xoidaux's Weapon Boutique.
 16054 | Orc:2    | Found Cijis's Armour Emporium.
 16067 | Orc:2    | Noticed an orc knight
 16076 | Orc:2    | Killed an orc knight
 16077 | Orc:2    | Reached XP level 12. HP: 114/117 MP: 12/12
 16957 | Orc:2    | Found Leuraa's Book Boutique.
 16957 | Orc:2    | Found Rosol's Assorted Antiques.
 16989 | Orc:2    | Bought a polished demon blade for 660 gold pieces
 16989 | Orc:2    | Identified the +8 demon blade "Sostig" {elec, Int+6} (You
                  | bought it in a shop on level 2 of the Orcish Mines)
 17906 | D:11     | Noticed a two-headed ogre
 17911 | D:11     | Killed a two-headed ogre
 18169 | D:11     | Found a staircase to the Lair.
 18195 | D:11     | Reached skill level 5 in Long Blades
 18325 | D:11     | Noticed a boulder beetle
 18336 | D:11     | Killed a boulder beetle
 18977 | Lair:1   | Entered Level 1 of the Lair of Beasts
 19210 | Lair:1   | Noticed a five-headed hydra
 19227 | Lair:1   | Killed a one-headed hydra
 19475 | Lair:1   | Reached skill level 10 in Long Blades
 19560 | Lair:1   | Noticed a seven-headed hydra
 19571 | Lair:1   | Killed a one-headed hydra
 20045 | Lair:2   | Reached XP level 13. HP: 125/125 MP: 13/13
 21736 | Lair:3   | Noticed Sonja
 21739 | Lair:3   | Killed Sonja
 22641 | Lair:4   | Reached skill level 5 in Dodging
 22811 | Lair:4   | Found a staircase to the Shoals.
 22989 | Lair:4   | Found a staircase to the Snake Pit.
 23564 | Lair:5   | Noticed Kirke
 23614 | Lair:4   | Noticed a sphinx
 23617 | Lair:4   | Killed Kirke
 23618 | Lair:4   | Reached skill level 15 in Fighting
 23837 | Lair:5   | Reached XP level 14. HP: 135/135 MP: 14/14
 24219 | Lair:5   | Found a viscous altar of Jiyva.
 24219 | Lair:5   | Found a staircase to the Slime Pits.
 24350 | Lair:5   | Noticed Snorg
 24356 | Lair:5   | Killed Snorg
 25010 | Lair:6   | Entered Level 6 of the Lair of Beasts
 26134 | Lair:6   | Reached skill level 16 in Fighting
 26577 | Lair:6   | Found a corrupted altar of Lugonu.
 26577 | Lair:6   | Found a one-way gate to the infinite horrors of the Abyss.
 27145 | Orc:2    | Killed an orc warlord
 27597 | D:12     | Found Osulin's Antique Armour Shoppe.
 27610 | D:12     | Bought a pair of runed gloves for 247 gold pieces
 27610 | D:12     | Bought a buckler for 148 gold pieces
 27689 | D:12     | Found a gate leading to a gauntlet.
 27700 | D:12     | Reached skill level 1 in Shields
 27716 | Gauntlet | Entered a Gauntlet
 27716 | Gauntlet | Found a transporter.
 27719 | Gauntlet | Found a transporter.
 27721 | Gauntlet | Found a transporter.
 27736 | Gauntlet | Found a transporter.
 27737 | Gauntlet | Found a transporter.
 27741 | Gauntlet | Found a runed translucent door.
 27741 | Gauntlet | Found a runed translucent door.
 27747 | Gauntlet | Found a transporter.
 27760 | Gauntlet | Found a transporter.
 27764 | Gauntlet | Noticed a quicksilver ooze
 27772 | Gauntlet | Found a runed translucent door.
 27773 | Gauntlet | Found a transporter.
 27774 | Gauntlet | Found a runed translucent door.
 27777 | Gauntlet | Found a transporter.
 27777 | Gauntlet | Found a transporter.
 27791 | Gauntlet | Found a transporter.
 27805 | Gauntlet | Found a transporter.
 27814 | Gauntlet | Found a transporter.
 27820 | Gauntlet | Found a transporter.
 27847 | Gauntlet | Identified the +1 scale mail of Waage {rC+}
 28064 | Gauntlet | Identified the ring "Vuihen" {Wiz Str+2 Dex+3 Slay+3}
 28763 | D:12     | Reached skill level 15 in Armour
 29223 | D:13     | Reached XP level 15. HP: 122/145 MP: 15/15
 29317 | D:13     | Found Wyguppam's Antique Weapon Boutique.
 29319 | D:13     | Found Uckir's Antique Armour Boutique.
 29322 | D:13     | Found Kyiveot's General Store.
 29322 | D:13     | Found Qetsam's Assorted Antiques.
 29344 | D:13     | Bought a smelly chain mail for 285 gold pieces
 29344 | D:13     | Identified the +8 chain mail "Luiferess" {Int+3} (You
                  | bought it in a shop on level 13 of the Dungeon)
 29349 | D:13     | Bought a twisted plate armour for 840 gold pieces
 29349 | D:13     | Identified the +0 plate armour of Classification {Str+3}
                  | (You bought it in a shop on level 13 of the Dungeon)
 29426 | D:13     | Found a runed translucent door.
 29427 | D:13     | Identified the +6 spear "Furueshru" {antimagic, rElec
                  | rCorr}
 29428 | D:13     | Noticed Phlounder's ghost (journeyman DsTm)
 29683 | D:13     | Bought a pair of glowing gloves for 225 gold pieces
 29919 | D:13     | Noticed Rupert
 29943 | D:13     | Killed Rupert
 29944 | D:13     | Reached skill level 10 in Dodging
 30861 | D:13     | Killed Phlounder's ghost
 31727 | D:14     | Reached skill level 5 in Evocations
 32101 | D:14     | Reached skill level 17 in Fighting
 32218 | D:14     | Found a gate to the Vaults.
 32437 | Snake:1  | Entered Level 1 of the Snake Pit
 32529 | Snake:1  | Mangled by a naga warrior

Illustrated notes

Levels and vault maps discovered:
D:1:      heliophobic_arrival_battle_scene, layout_loops_ring,
          basic_ecumenical_altar
D:2:      layout_loops_ring, basic_altar, hangedman_decor_slide_cut, uniq_robin,
          uniq_jessica, uniq_natasha
D:3:      layout_loops_ring, grunt_temple_overflow_open,
          mainiacjoe_overflow_alcove_2
D:4:      layout_rooms, mainiacjoe_overflow_24_doors, uniq_crazy_yiuf_cottage,
          uniq_menkaure
D:5:      layout_loops_ring
D:6:      layout_layer_cave, uniq_blork_the_orc, uniq_maggie
D:7:      layout_basic, mainiacjoe_overflow_boulevard,
          minmay_temple_entry_proselytizer, uniq_joseph
D:8:      layout_rooms, zin_academy, serial_shops, shop, uniq_erica
D:9:      layout_loops_ring, nicolae_dithmenos_the_darkroom,
          mainiacjoe_overflow_tiny_flanked, serial_bayou_pond_b
D:10:     layout_basic, nicolae_vehumet_altar_sigil, grunt_ashenzari_visionary
          [grunt_ashenzari_visionary_shoals, grunt_ashenzari_visionary_snake],
          zombieorc1_lemuel, uniq_fannar
D:11:     layout_irregular_city, lair_entry_dummy, minmay_misc_feat_alley,
          minmay_large_rounded_square
D:12:     layout_basic, serial_shops, shop, portal_ice_cave_entry_imps,
          gauntlet_entry_generic, minmay_misc_feat_plants
D:13:     layout_layer_cave, ebering_ghost_funeral_grove,
          minmay_shop_grid_forest, chequers_avenue, minmay_gold_behind_fungi,
          uniq_rupert
D:14:     layout_basic, ximxim_vaults_locker_room,
          hangedman_abyss_or_decor_stagger
Lair:1:   layout_roguey, serial_bayou_pond_e, grunt_megastairs_3,
          infiniplex_staircase_pool
Lair:2:   layout_gridlike, serial_bayou, serial_bayou_shore_a,
          serial_bayou_lagoon_b, serial_bayou_ford_a, serial_bayou_shore_b,
          grunt_megastairs_1
Lair:3:   layout_chaotic_city, uniq_sonja
Lair:4:   layout_regular_city, minmay_shoals_entry_beasts,
          minmay_snake_entry_guardpost_medium, cheibrodos_lair_lostbears,
          grunt_megastairs_5
Lair:5:   layout_cave_pods, dpeg_slime_entry_enclosed_altar, uniq_snorg,
          uniq_kirke
Lair:6:   hellmonk_lair_end_abyssal_woods, layout_cave_pods
Snake:1:  layout_rooms, ebering_ghost_gozag, drop_trap,
          nicolae_shop_sticking_my_neck_out, lemuel_fruit_tree
Orc:1:    layout_caves
Orc:2:    st_orc_town, layout_diamond_mine, basic_altar, uniq_maurice

Skill      XL: |  1  2  3  4  5  6  7  8  9 10 11 12 13 14 15 |
---------------+----------------------------------------------+-----
Fighting       | 4 5 6 7 8 9 11 12 14 15 16 17 | 17.1
Axes           | 4 5 6 8 9 10 | 10.0
Armour         | 2 5 7 10 12 13 15 | 15.6
Evocations     | 1 4 5 |  5.5
Maces & Flails | 3 5 7 |  7.6
Dodging        | 3 4 6 9 10 | 10.0
Long Blades    | 10 14 | 14.0
Shields        | 3 4 |  4.5
Spellcasting   | |  1.0
Fire Magic     | |  0.6

Action                   |  1- 3 |  4- 6 |  7- 9 | 10-12 | 13-15 || total
-------------------------+-------+-------+-------+-------+-------++-------
Melee: Hand axe          |    82 |    73 |   166 |    21 |    13 ||   355
       Headbutt          |     3 |    11 |    47 |   132 |   192 ||   385
       Dagger            |       |     4 |       |       |       ||     4
       Morningstar       |       |       |   113 |   667 |       ||   780
       Demon blade       |       |       |       |   122 |   939 ||  1061
 Fire: Hand crossbow     |       |    88 |     5 |       |       ||    93
 Cast: Foxfire           |     1 |       |       |       |       ||     1
Evoke: Wand              |       |       |     5 |     6 |     6 ||    17
  Use: Scroll            |       |     2 |     4 |    11 |    12 ||    29
       Potion            |       |       |     1 |     3 |     2 ||     6
 Stab: Sleeping          |       |       |       |     1 |     1 ||     2
Armor: Robe              |     1 |       |       |       |       ||     1
       Leather armour    |     1 |       |       |       |       ||     1
       Chain mail        |    46 |    43 |    78 |       |   118 ||   285
       Swamp dragon scal |       |       |    63 |   507 |   329 ||   899
Dodge: Dodged            |    30 |    34 |    89 |   426 |   367 ||   946
Block: Other             |       |       |    13 |   207 |   107 ||   327
       Reflection        |       |       |       |     6 |    11 ||    17
       Buckler           |       |       |       |       |   114 ||   114
       Kite shield       |       |       |       |       |    13 ||    13

Table legend: (Time is in decaauts)
 A = Elapsed time spent in this place.
 B = Non-inter-level travel time spent in this place.
 C = Inter-level travel time spent in this place.
 D = Time resting spent in this place.
 E = Time spent auto-exploring this place.
 F = Levels seen in this place.
 G = Mean time per level.
                   A        B        C        D        E       F      G
               +--------+--------+--------+--------+--------+-----+--------+
         Total |  32311 |  30768 |   1543 |   5133 |  20974 |  24 | 1346.3 |
       Dungeon |  18972 |  17990 |    982 |   2654 |  12915 |  14 | 1355.1 |
          Lair |   8027 |   7605 |    422 |    611 |   6079 |   6 | 1337.8 |
     Snake Pit |     86 |     86 |      0 |      0 |     40 |   1 |   86.0 |
  Orcish Mines |   4577 |   4439 |    138 |   1462 |   1940 |   2 | 2288.5 |
      Gauntlet |    648 |    648 |      0 |    406 |      0 |   1 |  648.0 |
               +--------+--------+--------+--------+--------+-----+--------+

Top non-repeatable levels by time:
   Orc:2: 3181 daAuts
     D:6: 2354 daAuts
    D:10: 1978 daAuts
    D:13: 1959 daAuts
  Lair:6: 1880 daAuts
     D:2: 1517 daAuts
     D:8: 1460 daAuts
    D:11: 1458 daAuts
  Lair:4: 1425 daAuts
   Orc:1: 1395 daAuts
  Lair:2: 1376 daAuts
  Lair:5: 1343 daAuts
     D:7: 1126 daAuts
     D:5: 1114 daAuts
  Lair:1: 1097 daAuts
